 Dungeon Crawl Stone Soup version 0.27-a0-1101-ge311f74bc8 (webtiles) character file.

Game seed: 12691085495736730823

321 1player the Vexing (level 6, -3/28 HPs)
             Began as a Spriggan Enchanter on Apr 28, 2021.
             Was an Initiate of Wu Jian.
             Slain by a centaur zombie (4 damage)
             ... in an ossuary.
             The game lasted 00:10:10 (3447 turns).

1player the Vexing (Spriggan Enchanter)             Turns: 3447, Time: 00:10:11

Health: -3/28      AC:  3    Str:  4    XL:     6   Next: 22%
Magic:  11/11      EV: 19    Int: 17    God:    Wu Jian [......]
Gold:   78         SH:  0    Dex: 17    Spells: 7/10 levels left

rFire    . . .     SeeInvis +   b - +0 hunting sling
rCold    . . .     Faith    .   (shield restricted)
rNeg     . . .     Spirit   .   r - +0 robe
rPois    .         Reflect  .   (helmet restricted)
rElec    .         Harm     .   j - +0 cloak
rCorr    .         Rampage  .   (gloves unavailable)
Will     +....                  (boots unavailable)
Stlth    +++.......             (no amulet)
HPRegen  0.09/turn              (no ring)
MPRegen  0.12/turn              (no ring)

@: on berserk cooldown, slowed, quick
A: very small, no large weapons, unfitting armour, see invisible, speed 3
a: Renounce Religion


You were in an ossuary.
You worshipped Wu Jian.
Wu Jian was noncommittal.
You visited 1 branch of the dungeon, and saw 4 of its levels.
You also visited: Ossuary.

You collected 208 gold pieces.
You spent 130 gold pieces at shops.

Inventory:

Hand Weapons
 a - a +1 short sword of electrocution
 b - a +0 hunting sling (weapon)
 c - a +1 dagger
 q - a +2 short sword of flaming
Missiles
 h - 20 sling bullets (quivered ammo)
Armour
 j - a +0 cloak (worn)
 r - a +0 robe (worn)
Jewellery
 l - a ring of ice
Wands
 n - a wand of digging (5)
Scrolls
 d - a scroll of identify {@r1}
 m - a scroll of amnesia {unknown}
 p - a scroll of magic mapping
 s - a scroll of noise {unknown}
 t - a scroll of teleportation {unknown}
Potions
 e - a potion of lignification {unknown}
 f - 2 potions of curing {@q1}
 g - a potion of heal wounds {@q2}
 k - a potion of mutation {unknown}
 u - 2 potions of haste


   Skills:
 - Level 3.0 Short Blades
 + Level 5.2 Dodging
 - Level 5.5 Stealth
 - Level 2.6 Spellcasting
 * Level 6.1 Hexes


You had 7 spell levels left.
You knew the following spells:

 Your Spells              Type           Power      Damage    Failure   Level
q - Corona                Hex            25%        N/A       1%          1
z - Ensorcelled Hibernat  Hex/Ice        24%        N/A       8%          2

Your spell library contained the following spells:

 Spells                   Type           Power      Damage    Failure   Level
 Confusing Touch          Hex            23%        N/A       4%          3
 Tukima's Dance           Hex            23%        N/A       4%          3
 Dazzling Flash           Conj/Hex       24%        N/A       16%         3


Dungeon Overview and Level Annotations

Branches:
Dungeon (4/15)             Temple (0/1) D:4         Ossuary (1/1)

Altars:
Ashenzari
Uskayaw
Wu Jian

Shops:
D:1 [   D:3 !


Innate Abilities, Weirdness & Mutations

You are very small and have problems with some larger weapons.
You are too small for most types of armour.
You have supernaturally acute eyesight. (SInv)
You cover ground extremely quickly. (Speed+++)


Message History

The centaur zombie closely misses you. The centaur zombie misses you.
The centaur zombie hits you. The centaur zombie closely misses you.
The centaur zombie completely misses you.
The centaur zombie misses you. The centaur zombie hits you.
* * * LOW HITPOINT WARNING * * *
The centaur zombie completely misses you.
There is an open door here.
There's a creature in the doorway!
You hit the centaur zombie.
The centaur zombie is lightly damaged.
The centaur zombie closely misses you. The centaur zombie misses you.
The centaur zombie hits you.
* * * LOW HITPOINT WARNING * * *
The centaur zombie kicks you but does no damage.
Press: ? - help, v - describe, . - travel
Here: a centaur zombie (lightly damaged)
An open door.
Unknown command.
Your +1 short sword of electrocution stops crackling.
b - a +0 hunting sling (weapon)
The centaur zombie misses you.
The centaur zombie completely misses you.
Fire: 22 sling bullets
Press: ? - help, Q - select action, (/) - cycle Shift-Dir - straight line, f - centaur zombie
Aim: a centaur zombie (lightly damaged, 89% to hit)
You shoot a sling bullet.
The sling bullet hits the centaur zombie.
The centaur zombie is lightly damaged.
The centaur zombie completely misses you.
The centaur zombie barely misses you. x2; The centaur zombie kicks you.
* * * LOW HITPOINT WARNING * * *
Fire: 21 sling bullets
Press: ? - help, Q - select action, (/) - cycle Shift-Dir - straight line, f/p - centaur zombie
Aim: a centaur zombie (lightly damaged, 89% to hit)
You shoot a sling bullet.
The sling bullet hits the centaur zombie.
The centaur zombie is moderately damaged.
The centaur zombie hits you.
You die...

### ###.###
##.....##
#.......#
#.......#
#.......#
#.....# #@#
#Z# ###M###
##.....##
#.......#
##...∩...##
+...∩∩∩...+
##...∩...##
#.......#


You could see a mummy and a centaur zombie.

Vanquished Creatures
  3 elf zombies (Ossuary)
  Jessica (D:2)
  3 adders
  A worm (D:2)
  3 dart slugs
  2 orcs (D:3)
  2 ball pythons (D:3)
  An endoplasm (D:2)
  4 giant cockroaches
  9 goblins
  3 hobgoblins
  4 jackals (D:1)
  5 quokkas
  7 bats
  4 frilled lizards
  3 kobolds
  11 rats
66 creatures vanquished.

Notes
Turn   | Place    | Note
-------+----------+-------------------------------------------
     0 | D:1      | 1player the Spriggan Enchanter began the quest for the Orb.
     0 | D:1      | Reached XP level 1. HP: 9/9 MP: 5/5
   567 | D:1      | Reached XP level 2. HP: 13/13 MP: 6/6
   579 | D:1      | Found Mox Unif's Antique Armour Shoppe.
   600 | D:1      | Learned a level 2 spell: Ensorcelled Hibernation
  1347 | D:2      | Reached XP level 3. HP: 16/16 MP: 8/8
  1544 | D:2      | Reached skill level 5 in Stealth
  1641 | D:2      | Noticed Jessica
  1933 | D:2      | Noticed a sky beast
  2310 | D:2      | Killed Jessica
  2311 | D:2      | Reached XP level 4. HP: 21/21 MP: 9/9
  2383 | D:3      | Found Atism's Distillery.
  2394 | D:3      | Reached skill level 4 in Hexes
  2398 | D:3      | Bought a potion of heal wounds for 50 gold pieces
  2398 | D:3      | Bought a potion of berserk rage for 50 gold pieces
  2398 | D:3      | Bought a potion of curing for 30 gold pieces
  2493 | D:3      | Found an ornate altar of the Wu Jian Council.
  2581 | D:3      | Became a worshipper of the Wu Jian Council
  2727 | D:3      | Found a broken altar of Ashenzari.
  2768 | D:3      | Saw a vision of the Shoals and the Spider Nest.
  2768 | D:3      | Noticed a merfolk
  2768 | D:3      | Noticed a sea snake
  2768 | D:3      | Noticed a wind drake
  2768 | D:3      | Noticed a sea snake
  2768 | D:3      | Noticed a sea snake
  2768 | D:3      | Noticed a merfolk
  2768 | D:3      | Noticed a sea snake
  2768 | D:3      | Noticed a scorpion
  2768 | D:3      | Noticed a wolf spider
  2768 | D:3      | Noticed a scorpion
  2768 | D:3      | Noticed a wolf spider
  2768 | D:3      | Noticed a redback
  2768 | D:3      | Noticed a wolf spider
  2768 | D:3      | Noticed a redback
  2769 | D:3      | Noticed a wind drake
  2769 | D:3      | Noticed a scorpion
  3100 | D:3      | Found a hide-covered altar of Uskayaw.
  3225 | D:3      | Found a faded altar of an unknown god.
  3305 | D:4      | Noticed a phantom
  3334 | D:4      | Noticed an ogre
  3335 | D:4      | Found a staircase to the Ecumenical Temple.
  3349 | D:4      | Found a sand-covered staircase.
  3358 | Ossuary  | Entered an ossuary
  3396 | Ossuary  | Reached skill level 5 in Hexes
  3396 | Ossuary  | Reached XP level 5. HP: 19/24 MP: 10/10
  3401 | Ossuary  | Reached skill level 5 in Dodging
  3410 | Ossuary  | Reached skill level 6 in Hexes
  3410 | Ossuary  | Reached XP level 6. HP: 12/28 MP: 11/11
  3446 | Ossuary  | HP: 1/28 [centaur zombie (1)]
  3447 | Ossuary  | Slain by a centaur zombie

Illustrated notes

Levels and vault maps discovered:
D:1:      minmay_arrival_four_loops, layout_loops_ring, serial_shops, shop
D:2:      layout_basic, uniq_jessica
D:3:      layout_loops_cross, grunt_ashenzari_visionary
          [grunt_ashenzari_visionary_shoals, grunt_ashenzari_visionary_spider],
          eat_drink_and_be_merry_uskayaw, old_standard_altar,
          basic_ecumenical_altar, serial_shops, shop
D:4:      layout_cave_pools, fedhas_altar_4, general_overflow_altar,
          minmay_temple_entry_arrows, nicolae_ossuary_entry_ruins
Ossuary:  ossuary_minmay_four_chambers

Skill      XL: |  1  2  3  4  5 |
---------------+----------------+-----
Dodging        | 3 4 5 |  5.2
Short Blades   | 2 3 |  3.0
Stealth        | 5 |  5.5
Hexes          | 5 6 |  6.1
Spellcasting   | |  2.6

Action                   |  1- 3 |  4- 6 || total
-------------------------+-------+-------++-------
Melee: Dagger            |    23 |       ||    23
       Short sword       |    71 |    81 ||   152
 Fire: Hunting sling     |       |     4 ||     4
 Cast: Corona            |    19 |     1 ||    20
       Ensorcelled Hiber |    13 |     7 ||    20
Invok: Lunge             |       |     4 ||     4
  Use: Scroll            |       |     3 ||     3
       Potion            |       |     2 ||     2
 Stab: Sleeping          |    16 |     8 ||    24
Armor: Robe              |     8 |     9 ||    17
Dodge: Dodged            |    75 |    48 ||   123

Table legend: (Time is in decaauts)
 A = Elapsed time spent in this place.
 B = Non-inter-level travel time spent in this place.
 C = Inter-level travel time spent in this place.
 D = Time resting spent in this place.
 E = Time spent auto-exploring this place.
 F = Levels seen in this place.
 G = Mean time per level.
                   A        B        C        D        E       F      G
               +--------+--------+--------+--------+--------+-----+--------+
         Total |   2629 |   2577 |     52 |    950 |    901 |   5 |  525.8 |
       Dungeon |   2547 |   2495 |     52 |    932 |    901 |   4 |  636.8 |
       Ossuary |     81 |     81 |      0 |     18 |      0 |   1 |   81.0 |
               +--------+--------+--------+--------+--------+-----+--------+

Top non-repeatable levels by time:
     D:1: 1067 daAuts
     D:2: 788 daAuts
     D:3: 651 daAuts
 Ossuary: 81 daAuts
     D:4: 41 daAuts
